Cogmind - Beta 16 @@@ ROGUE MODE // 2025.12.20 @ 15:53:19 Player: PhazeDK Result: Destroyed by G-34 Mercenary with Small Laser Performance ------------- Evolutions (1) 500 Regions Visited (3) 600 Robots Destroyed (35) 175 Value Destroyed (923) 923 Prototype IDs (3) 60 Alien Tech Used (0) 0 Bonus (0) 0 TOTAL SCORE: 2258 Bonus ------- None Cogmind --------- Core Integrity 0/400 Matter 275/300 Energy 100/100 System Corruption 0% Temperature Warm (171) Movement Treading (240) Ox1 Location -9/Materials Parts ------- > --- POWER (1) -------- (None) > --- PROPULSION (2) --- Light Treads Improved Treads > --- UTILITY (4) ------ High-capacity Storage Unit Power Shielding Power Shielding > --- WEAPON (2) ------- Improved Medium Laser > --- INVENTORY (20) --- Light Ion Engine Scrap Suit Small Storage Unit High-capacity Storage Unit Small Matter Pod (50) Visual Processing Unit Targeting Computer Improved Medium Laser Faulty Improved Medium Laser Improved Medium Laser Grenade Launcher Peak State ------------ > --- POWER ------------ Light Nuclear Core > --- PROPULSION ------- Light Treads Improved Treads > --- UTILITY ---------- High-capacity Storage Unit Power Shielding Power Shielding Light Armor Plating > --- WEAPON ----------- Particle Gun Improved Medium Laser > --- INVENTORY -------- Light Ion Engine Scrap Suit Small Storage Unit High-capacity Storage Unit Small Matter Pod Visual Processing Unit Targeting Computer Improved Medium Laser Improved Medium Laser Improved Medium Laser Improved Medium Laser Grenade Launcher [Rating: 17] Favorites ----------- Power Ion Engine Engine Ion Engine Power Core Light Nuclear Core Propulsion Light Treads Treads Light Treads Wheel Wheel Utility High-capacity Storage Unit Device Improved Heat Sink Storage High-capacity Storage Unit Protection Power Shielding Weapon Small Laser Energy Gun Small Laser Ballistic Gun Light Assault Rifle Build | -11 -10 -10 -9 ------- Run | Yrd Mat Min Mat Slots Evolved 2 | . . . 2 Power . | . . . . Propulsion . | . . . . Utility 2 | . . . 2 Weapon . | . . . . Parts Attached 36 | 6 9 1 20 Power 5 | 1 2 . 2 Engine 3 | 1 1 . 1 Core 2 | . 1 . 1 Reactor . | . . . . Propulsion 8 | 2 1 . 5 Treads 6 | 2 . . 4 Leg . | . . . . Wheel 2 | . 1 . 1 Hover . | . . . . Flight . | . . . . Utility 11 | 1 3 1 6 Device 1 | . . . 1 Storage 2 | 1 1 . . Processor . | . . . . Hackware . | . . . . Protection 8 | . 2 1 5 Artifact . | . . . . Weapon 12 | 2 3 . 7 Energy Gun 9 | 1 2 . 6 Energy Cannon . | . . . . Ballistic Gun 3 | 1 1 . 1 Ballistic Cannon . | . . . . Launcher . | . . . . Special Weapon . | . . . . Impact Weapon . | . . . . Slashing Weapon . | . . . . Piercing Weapon . | . . . . Special Melee Weapon . | . . . . Unidentified Prototypes 1 | . . . 1 Parts Lost 19 | . 4 . 15 Power 4 | . 1 . 3 Propulsion 4 | . 2 . 2 Utility 5 | . . . 5 Weapon 6 | . 1 . 5 Highest Loss Streak 6 | . 3 . 6 To Critical Strikes . | . . . . Average Backups 11 | 1 9 15 13 Power 1 | . 1 1 1 Propulsion . | . . . . Utility 6 | . 5 9 7 Weapon 2 | . 1 4 3 Tool/Special . | . . . . Unused Backups 10 | . . . 10 Power 1 | . . . 1 Propulsion . | . . . . Utility 5 | . . . 5 Weapon 4 | . . . 4 Tool/Special . | . . . . Average Slot Usage (%) 85 | . 89 85 79 Engine 7 | . 13 . 1 Core 5 | . . 14 8 Treads 13 | . 18 . 13 Wheel 3 | . . 14 1 Storage 13 | . 14 14 11 Protection 16 | . 13 14 22 Energy Gun 13 | . 13 14 11 Ballistic Gun 12 | . 14 14 8 Peak Build Rating 17 | 6 9 11 17 Average Rating 9 | 4 7 10 13 On Entrance 6 | . 6 9 11 Avg Prop Armor Cover (%) . | . . . . Naked Turns . | . . . . Heaviest Build 56 | 12 48 50 56 Greatest Support 43 | 40 40 10 43 Greatest Overweight (x) 15 | . 4 4 15 Average Overweight (x) 2 | . 1 4 2 Largest Inventory Capacity 20 | 8 20 20 20 Average Capacity 18 | 6 18 20 20 Most Carried 19 | 3 13 18 19 Average Carried 11 | 1 9 16 14 Final Capacity 20 | 8 20 20 20 Final Carried 18 | 3 10 18 12 Class Distribution -------------------- 78% | Mutant 21% | Scavenger-Mutant Dominant Class ---------------- Mutant | -10/Materials Mutant | -10/Mines Scavenger-Mutant | -9/Materials Resources | -11 -10 -10 -9 ----------- Run | Yrd Mat Min Mat Matter Collected 736 | 261 191 16 268 Remotely . | . . . . Salvage Created 1268 | . 378 . 890 Parts 72 | . 28 . 44 Haulers Intercepted . | . . . . Recyclers Shooed 1 | . . . 1 Parts Field Recycled . | . . . . Retrieved Matter . | . . . . Parts Self-Destructed . | . . . . Prevented . | . . . . Parts Restored . | . . . . Kills | -11 -10 -10 -9 ------- Run | Yrd Mat Min Mat Combat Hostiles Destroyed 28 | . 11 . 17 Guns 28 | . 11 . 17 Classes Destroyed 8 | . 4 . 4 Worker 1 | . . . 1 Builder 2 | . 1 . 1 Recycler 2 | . . . 2 Watcher 2 | . 1 . 1 Swarmer 8 | . 5 . 3 Grunt 15 | . 6 . 9 Brawler 1 | . . . 1 Sentry 4 | . . . 4 Best Kill Streak 4 | . 3 . 4 Combat Bots Only 4 | . 3 . 4 Max Kills in Single Turn 1 | . 1 . 1 Gunslinging . | . . . . Exploded . | . . . . Melee . | . . . . Uniques/NPCs Destroyed . | . . . . Combat | -11 -10 -10 -9 -------- Run | Yrd Mat Min Mat Hostile Shots Fired 330 | . 123 9 198 Missed 75 | . 33 1 41 Hits 255 | . 90 8 157 Melee 11 | . . . 11 Projectile 244 | . 90 8 146 Critical Strikes 5 | . . . 5 Damage Taken 3116 | . 905 58 2153 Core 583 | . 171 9 403 Absorbed by Shields . | . . . . Redirected to Shielding 95 | . 35 . 60 Core Remaining (%) 64 | 100 . 28 . Volleys Fired 151 | 1 68 2 80 Largest 2 | 2 2 2 2 Hottest 121 | 60 60 60 121 Shots Fired 286 | 2 132 4 148 Gun 286 | 2 132 4 148 Cannon . | . . . . Launcher . | . . . . Special . | . . . . Kinetic 126 | 1 68 2 55 Thermal 160 | 1 64 2 93 Explosive . | . . . . Electromagnetic . | . . . . Robot Hit Streak 16 | 1 16 5 8 Robot Miss Streak 7 | 1 7 1 4 Penetration Max . | . . . . Secondary Targets 4 | . . . 4 Max Gunslinging Chain 1 | . . . 1 Shots Hit Robots 181 | 1 83 3 94 Core Hits 62 | . 26 1 35 Critical Kills . | . . . . Critical Parts Destroyed 1 | . . . 1 Critical Strikes 2 | . . . 2 Burn 1 | . . . 1 Destroy 1 | . . . 1 Melee Attacks . | . . . . Impact . | . . . . Slashing . | . . . . Piercing . | . . . . Sneak Attacks . | . . . . Combat Hostiles . | . . . . Follow-up Attacks . | . . . . Damage Inflicted 2218 | 6 784 28 1400 Guns 2218 | 6 784 28 1400 Cannons . | . . . . Explosions . | . . . . Melee . | . . . . Ramming . | . . . . Kinetic 814 | 6 323 7 478 Thermal 1404 | . 461 21 922 Explosive . | . . . . Electromagnetic . | . . . . Impact . | . . . . Slashing . | . . . . Piercing . | . . . . Highest Corruption . | . . . . Average Corruption . | . . . . Corruption Purged . | . . . . Corruption Blocked . | . . . . Overload Shots . | . . . . Overflow Damage . | . . . . Projectiles . | . . . . Explosions . | . . . . Melee . | . . . . Knockbacks . | . . . . Impact . | . . . . Kinetic . | . . . . Secondary . | . . . . Self-Inflicted Damage . | . . . . Shots . | . . . . Rammed . | . . . . Targets Rammed . | . . . . Kicked . | . . . . Crushed . | . . . . Highest Temperature 579 | 20 183 30 579 Average Temperature 128 | 15 47 20 177 Received Heat Transfer 984 | . 306 . 678 Effects 15 | . . . 15 Shutdowns 2 | . . . 2 Energy Bleed 5 | . . . 5 Interference 3 | . . . 3 Short Circuit 5 | . . . 5 Siege Activations . | . . . . Martial Activations . | . . . . Shielding Activations . | . . . . Robots Disrupted . | . . . . Combat Hostiles . | . . . . Robots Corrupted . | . . . . Combat Hostiles . | . . . . Parts Fried . | . . . . Impact Corruptions . | . . . . Robots Melted . | . . . . Combat Hostiles . | . . . . Parts Melted 10 | . 1 . 9 Heat Transferred 3409 | . 1050 50 2309 Parts Sabotaged . | . . . . Parts Stolen . | . . . . Parts Stripped . | . . . . Power Chain Reactions . | . . . . Alert | -11 -10 -10 -9 ------- Run | Yrd Mat Min Mat Maximum Alert Level . | . . . . Low Security (%) 100 | 100 100 100 100 Level 1 . | . . . . Level 2 . | . . . . Level 3 . | . . . . Level 4 . | . . . . Level 5 . | . . . . High Security . | . . . . Max Security . | . . . . Peak Influence 135 | . 80 15 135 Initial 10 | . . 10 . Average 29 | . 18 1 67 Influence Increases 852 | . 308 15 529 Destroy 0b10 Robot/C 560 | . 220 . 340 Destroy 0b10 Robot/NC 35 | . 10 . 25 Destroy Leader 134 | . 42 . 92 Successful Hack 17 | . 6 . 11 Disable Machine 15 | . . . 15 Destroy Structure 1 | . . . 1 Lose Combat Pursuer 90 | . 30 15 45 Influence Decreases 805 | . 280 43 482 Entered New Map 18 | . . 18 . Time Decay 637 | . 270 25 342 Lost Part 150 | . 10 . 140 Squads Dispatched 4 | . 1 . 3 Investigation . | . . . . Extermination . | . . . . Reinforcement 4 | . 1 . 3 Assault . | . . . . Garrison . | . . . . Intercept . | . . . . Searches Triggered . | . . . . Construction Impeded . | . . . . Haulers Reinforced . | . . . . Active Scanning Responses . | . . . . Cargo Convoy Interrupts . | . . . . Stealth | -11 -10 -10 -9 --------- Run | Yrd Mat Min Mat Distress Signals 4 | . 1 . 3 Communications Jammed . | . . . . Distress Signals . | . . . . Times Spotted 56 | . 20 5 31 Peak Tracking Total 6 | . 3 3 6 Tactical Retreats 4 | . 2 1 1 Traps | -11 -10 -10 -9 ------- Run | Yrd Mat Min Mat Traps Triggered 2 | . . . 2 Indirectly . | . . . . Trap Hack Attempts . | . . . . Triggered . | . . . . Disarmed . | . . . . Reprogrammed . | . . . . Reused . | . . . . Traps Extracted . | . . . . Installed . | . . . . Triggered . | . . . . Machines | -11 -10 -10 -9 ---------- Run | Yrd Mat Min Mat Machines Disabled 1 | . . . 1 Max in Single Turn 1 | . . . 1 Machines Repaired . | . . . . Machines Dismantled . | . . . . Machines Sabotaged . | . . . . Overloaded Fab Kills . | . . . . Hacking | -11 -10 -10 -9 --------- Run | Yrd Mat Min Mat Machines Accessed 8 | . 5 . 3 Terminals 8 | . 5 . 3 Fabricators . | . . . . Repair Stations . | . . . . Recycling Units . | . . . . Scanalyzers . | . . . . Garrison Access . | . . . . Total Hacks 28 | . 18 . 10 Successful 17 | . 12 . 5 Failed 11 | . 6 . 5 Catastrophic 1 | . . . 1 Database Lockouts . | . . . . Manual 11 | . 7 . 4 Terminals 28 | . 18 . 10 Fabricators . | . . . . Repair Stations . | . . . . Recycling Units . | . . . . Scanalyzers . | . . . . Garrison Access . | . . . . Terminal Hacks 10 | . 7 . 3 Record 1 | . 1 . . Prototype ID Bank 1 | . 1 . . Branch Access Points 1 | . . . 1 Emergency Access Points 1 | . . . 1 Locate Traps 1 | . 1 . . Maintenance Status 1 | . 1 . . Investigation Status 1 | . 1 . . Hauler Manifests 1 | . 1 . . Zone Layout 2 | . 1 . 1 Fabricator Hacks . | . . . . Repair Station Hacks . | . . . . Recycling Unit Hacks . | . . . . Scanalyzer . | . . . . Garrison Access Hacks . | . . . . Unauthorized Hacks 7 | . 5 . 2 Terminals 7 | . 5 . 2 Botnet 7 | . 5 . 2 Fabricators . | . . . . Repair Stations . | . . . . Recycling Units . | . . . . Scanalyzers . | . . . . Garrison Access . | . . . . Data Cores Recovered . | . . . . Used . | . . . . Hacking Detections 7 | . 5 . 2 Full Trace Events . | . . . . Feedback Events . | . . . . Feedback Blocked . | . . . . Robot Schematics Acquired . | . . . . Robots Built . | . . . . Authchips . | . . . . Time . | . . . . Total Robot Build Rating . | . . . . Part Schematics Acquired . | . . . . Parts Built . | . . . . Authchips . | . . . . Time . | . . . . Total Part Build Rating . | . . . . Part Studies Acquired . | . . . . Parts Repaired . | . . . . Time . | . . . . Parts Recycled . | . . . . Recycled Matter . | . . . . Retrieved Matter . | . . . . Retrieved Components . | . . . . Parts Scanalyzed . | . . . . Part Schematics Acquired . | . . . . Parts Damaged . | . . . . Bothacking | -11 -10 -10 -9 ------------ Run | Yrd Mat Min Mat Used RIF Installer . | . . . . Robots Hacked . | . . . . Non-combat . | . . . . Combat . | . . . . Robot Hacks Applied . | . . . . Relay Couplers Released . | . . . . Fabnet Peak Effective % . | . . . . Robots Rewired . | . . . . Allies Hacked . | . . . . Hacks Repelled . | . . . . Allies | -11 -10 -10 -9 -------- Run | Yrd Mat Min Mat Total Allies . | . . . . Largest Group . | . . . . Highest-Rated Group . | . . . . Highest-Rated Ally . | . . . . Total Orders . | . . . . Ally Attacks . | . . . . Total Damage . | . . . . Kills . | . . . . Allies Corrupted . | . . . . Allies Melted . | . . . . Intel | -11 -10 -10 -9 ------- Run | Yrd Mat Min Mat Active Infowar (turns) . | . . . . Robot Analysis Total . | . . . . Derelict Logs Recovered 1 | . . 1 . Drone Launches . | . . . . Drone Recoveries . | . . . . Exploration | -11 -10 -10 -9 ------------- Run | Yrd Mat Min Mat Turns Passed 2726 | 91 1355 460 820 Spaces Moved 1024 | 49 440 314 221 Core 11 | 4 . . 7 Treads 616 | 45 406 . 165 Legs . | . . . . Wheels 397 | . 34 314 49 Hover . | . . . . Flight . | . . . . Fastest Speed 50 | 50 140 140 115 Average Speed 215 | 151 257 140 252 Slowest Speed 800 | 160 320 140 800 Overloaded Moves . | . . . . Propulsion Burnouts . | . . . . Robots Hopped . | . . . . Potential Cave-ins . | . . . . Cave-ins Triggered . | . . . . Exploration Rate (%) 46 | 4 71 75 35 Regions Visited 3 Branch Regions 1 Pre-discovered Areas . | . . . . Known Exits Taken . | . . . . Unknown Exits Taken 3 | 1 1 1 . Scrap Searched 1 | . . 1 . Spaces Dug . | . . . . Terrain Destroyed . | . . . . Melee . | . . . . Projectile . | . . . . AOE . | . . . . Terrain Rammed . | . . . . Walls Destroyed . | . . . . Machines Disabled . | . . . . Actions | -11 -10 -10 -9 --------- Run | Yrd Mat Min Mat Total 1278 | 64 544 331 339 Wait 15 | . 9 6 . Move 1021 | 48 439 313 221 Hop . | . . . . Pick Up 46 | 9 15 8 14 Fast Attach . | . . . . Attach 31 | 6 4 1 20 Detach . | . . . . Swap 5 | . 5 . . Drop 9 | . 4 1 4 Fire 151 | 1 68 2 80 Melee . | . . . . Ram . | . . . . Kick . | . . . . Crush . | . . . . Escape Stasis . | . . . . Rewire . | . . . . Trap . | . . . . Miscellaneous . | . . . . Route ------- -11/Scrapyard -10/Materials (discovered 2 exits: *Mat / [*Min]) -10/Mines (discovered 2 exits: *Mat x2) -9/Materials (discovered 1 exit: *Min) History --------- Turn | Location | Event 7 | -11/Scrapyard | Discovered new exit (range 16) 92 | -11/Scrapyard | Entered Materials 313 | -10/Materials | Build established: Mutant 605 | -10/Materials | Discovered new exit (range 7) 679 | -10/Materials | Discovered new exit (range 16) 1379 | -10/Materials | Core integrity fell below 50% 1416 | -10/Materials | Lost 3 parts (1p1n1w) 1447 | -10/Materials | Entered Mines 1460 | -10/Mines | Joined a pair of Derelicts in attacking an 0b10 outpost 1727 | -10/Mines | Found a Scrap Suit stashed away for nefarious purposes 1729 | -10/Mines | Found Scrap Suit 1821 | -10/Mines | Learned Materials stockpile data 1859 | -10/Mines | Discovered new exit (range 9) 1893 | -10/Mines | Discovered new exit (range 7) 1907 | -10/Mines | Entered Materials 1907 | -9/Materials | Evolved 2 slots: Utility x2 2034 | -9/Materials | Lost 6 parts (1p2n1u2w) 2090 | -9/Materials | Core integrity fell below 50% 2275 | -9/Materials | Identified exit to Mines 2444 | -9/Materials | Build established: Scavenger-Mutant 2713 | -9/Materials | Core integrity fell below 20% 2727 | -9/Materials | Destroyed by G-34 Mercenary with Small Laser Last Messages --------------- 02691_ U-05 Engineer works on Atomic Centrifuge. 02692_ R-06 Scavenger collects Sml. Laser. 02696_ U-05 Engineer works on Atomic Centrifuge. 02697_ R-06 Scavenger collects Ion Engine. 02700_ R-06 Scavenger collects Aluminum Leg. 02701_ U-05 Engineer works on Atomic Centrifuge. 02706_ Particle Gun destroyed. 02706_ U-05 Engineer works on Atomic Centrifuge. 02712_ U-05 Engineer completes Atomic Centrifuge. 02713_ Lgt. Armor Plating destroyed. 02716_ Imp. Medium Laser severed. 02718_ Atomic Centrifuge comes online. 02722_ K-01 Serf collects debris. 02725_ K-01 Serf cleans the Hadron Collector. 02726_ Lgt. Nuclear Core destroyed. Map ----- +----------------------------------------------------+ | ????????? #???????????????????? | | ????????? #???????????????????? | | ?????????? #???????????????????? | | ?????????? ######### ^^ ###############?????? | | ???????????# # ^ ?????? | | ??????????? ^ ?????? | | ??????????? > ^^ """" """" ?????? | | ??????????? """" """" *????? | | ???????????# ##### """" """" ?????? | | ???????????? "|"!" #???## ?????? | | ?????????????"|"!""#????# ?????? | | ?????????????#######????# """" " ?????? | | ????????????????######### """"k " ?????? | | ????????????????# # """" ?????? | | ?????????????#### """ # ?????? | | ????????????? + """ # ?????? | | ?????????????#### """ +g #######?????? | | ????????????????# # g #?# ?????? | | ?????????????############ " #?# T ?????? | | ?????????????# # ^ ### ?????? | | ?????????????# """ # # ?????? | | ?????????????# "T" + + ?????? | | ?????????????+ #a # ""?????? | | ?????????????# """ """ # """ ##+### ""?????? | | ?????????????# """ """ # """ # ## ""?????? | | ?????????????# """ """ # @ """ # ]## ?????? | | ?????????????# # l + #####+?????? | | ?????????????###########[^ % a # ##### ?????? | | ??????????????# === """ ## [[+ ?????? | | ???????? ### == """ ## [[######?????? | | ?????????" == """ ## ######?????? | | ?????????? ### ###### ?????? | | ??????????????# ###### ?????? | | ?????????????## g ?????? | | ??????????????# ###############??????????? | | ??????????????# g#????????????????????????? | | ??????????????# """ #????????????????????????? | | ??????????????# """ #????????????????????????? | | ??????????????# """ #????????????????????????? | | ????????????? ????????????????????????? | | ????????????##### #????????????????????????? | | ????????????????# ???????????????????[?????? | | ????????????????# ?????????????????????????? | | ????????????????# ?????????????????????????? | | ????????????????# ?????????????????????????? | | ????????????????# ?????????????????????????? | | ??????????????????? ?????????????????????????? | | ???????????????????=?! ?????????????????????????? | | ?????????????????????????????????????????????????? | | ?????????????????????????????????????????????????? | +----------------------------------------------------+ Best States ------------- Heat Dissipation 42 Energy Generation 14 Energy Capacity 250 Matter Stores 300 Matter Capacity 300 Sight Range 16 Terrain Scan Density 10 Armor Coverage 150 Power Shielding 33 Weapon Shielding 33 Evasion (%) 40 Recoil Reduction 2 Item Schematics ----------------- None Robot Schematics ------------------ None Fabricated ------------ Nothing Repaired ---------- Nothing Studied --------- None Alien Tech Used ----------------- None Achievements -------------- Well Done Challenges ------------ None Game ------ Seed AuthchipBiometalBallwheel Manual? 0 Play Time 00:23:07 Cumulative 38.4 hours Start 2025.12.20 @ 15:32:37 End 2025.12.20 @ 15:53:19 Sessions 1 Manual Loads 0 Difficulty Rogue Special Mode None Game No. 37 Rogue 37 Adventurer 0 Explorer 0 Win Type - Total 0 Types 0/0/0/0/0/0/0/0/0/0 Lore% 14 Gallery% 32 Achievement% 19 Wizard Run 0 Options --------- Layout 1 ASCII 0 Keyboard 0 Movement Mouse Keybinds 0 Fullscreen 2 Font 24/Smallcaps Map View 50x35 Zoom Use 0% Tactical HUD 1 Map Filters NONE Filters NONE Steam 1 RUN: b1fe50e7-51b4-4ab3-851e-0a51c2c53883